 Dungeon Crawl Stone Soup version 0.21-a0-110-g8e1637b (webtiles) character file.

22317 MackTheKnife the Grappler (level 12, -16/113 HPs)
             Began as a Ghoul Wanderer on July 7, 2017.
             Was a Priest of Qazlal.
             Shot with an arrow by Nessos (19 damage)
             ... on level 4 of the Lair of Beasts.
             The game lasted 00:28:38 (15591 turns).

MackTheKnife the Grappler (Ghoul Wanderer)         Turns: 15591, Time: 00:28:39

Health: -16/113    AC: 13    Str: 25    XL:     12   Next: 99%
Magic:  20/20      EV: 12    Int:  7    God:    Qazlal [***...]
Gold:   921        SH:  4    Dex: 11    Spells: 11/11 levels left

rFire    . . .     SeeInvis +     - Unarmed
rCold    + . .     Gourm    .   (no shield)
rNeg     + + +     Faith    .   u - +3 ring mail {rPois}
rPois    ∞         Spirit   .   B - +0 helmet
rElec    .         Reflect  .   t - +1 cloak
rCorr    .         Harm     .   (no gloves)
MR       .....                  v - +0 pair of boots
Stlth    +.........             r - amulet of regeneration {+regen, !d}
HPRegen  0.00/turn              g - ring of see invisible {sInv, !d}
MPRegen  0.17/turn              p - ring of Fighting Over It {+Fly rPois Str+7}

@: about to teleport, rotting
A: rotting body, claws 1, carnivore 3, cold resistance 1, negative energy
resistance 3, inhibited regeneration, torment resistance, unbreathing
a: Upheaval, Elemental Force, Renounce Religion, Evoke Flight


You were on level 4 of the Lair of Beasts.
You worshipped Qazlal.
Qazlal was most pleased with you.
You were not hungry.

You visited 3 branches of the dungeon, and saw 15 of its levels.
You also visited: Sewer and Ossuary.

You collected 921 gold pieces.

Inventory:

Missiles
 l - 2 throwing nets {=f, !d}
Armour
 t - a +1 cloak (worn)
   (You found it on level 4 of the Dungeon)
 u - a +3 ring mail of poison resistance (worn)
   (You took it off Edmund on level 4 of the Dungeon)
 v - a +0 pair of boots (worn)
   (You found it on level 5 of the Dungeon)
 B - a +0 helmet (worn)
   (You found it on level 10 of the Dungeon)
Magical Staves
 y - an uncursed staff of wizardry {wiz+, !a}
   (You found it on level 8 of the Dungeon)
 C - an uncursed staff of poison {unknown}
   (You found it on level 4 of the Lair of Beasts)
Jewellery
 g - a ring of see invisible (left claw) {sInv, !d}
   (You found it on level 2 of the Lair of Beasts)
 p - the ring of Fighting Over It (right claw) {+Fly rPois Str+7}
   (You found it on level 8 of the Dungeon)

   [ring of flight]

   It affects your strength (+7).
   It protects you from poison.
   It lets you fly.
 r - an amulet of regeneration (around neck) {+regen, !d}
   (You found it on level 6 of the Dungeon)
 A - an uncursed ring of fire {rF+, rC-}
   (You found it on level 7 of the Dungeon)
Wands
 w - a wand of digging (15/24)
   (You found it on level 4 of the Lair of Beasts)
 x - a wand of lightning (10/15)
   (You found it on level 8 of the Dungeon)
 O - a wand of disintegration (16/24)
   (You found it on level 2 of the Lair of Beasts)
Scrolls
 a - 4 scrolls of recharging
 e - 8 scrolls of remove curse
 h - a scroll of fear
 j - 4 scrolls of amnesia
 k - 3 scrolls of teleportation
 z - a scroll of blinking {!r}
 F - a scroll of enchant armour
 M - 6 scrolls of identify
Potions
 c - a potion of heal wounds
 d - 2 potions of haste
 i - 10 potions of curing
 m - 2 potions of resistance
 n - 3 potions of might
 q - 3 potions of flight
 s - 2 potions of cancellation
 G - 2 potions of magic
 N - a potion of brilliance
Miscellaneous
 I - a phial of floods (inert)
   (You found it on level 8 of the Dungeon)
Comestibles
 b - 3 royal jellies
 f - 10 meat rations {@e2}
 o - 3 chunks of flesh {@w0}


   Skills:
 - Level 12.6 Fighting
   Level 1.0 Bows
   Level 1.7 Crossbows
 + Level 3.0 Armour
 + Level 2.5 Dodging
 - Level 1.1 Stealth
 - Level 13.7 Unarmed Combat
 - Level 12.8 Invocations
 - Level 1.0 Evocations


You had 11 spell levels left.
You didn't know any spells.

Dungeon Overview and Level Annotations

Branches:
Dungeon (10/15)            Temple (1/1) D:6            Lair (4/6) D:9
  Swamp (0/4) Lair:2        Snake (0/4) Lair:2          Orc (0/2) D:9

Altars:
Ashenzari
Cheibriados
Dithmenos
Elyvilon
Fedhas
Gozag
Hepliaklqana
Kikubaaqudgha
Makhleb
Nemelex Xobeh
Okawaru
Qazlal
Ru
Sif Muna
Trog
Uskayaw
Vehumet
Wu Jian
Xom
Yredelemnul
Zin
The Shining One
Lugonu

Annotations:
Lair:2 exclusion: oklob plant
Lair:4 Nessos


Innate Abilities, Weirdness & Mutations

Your body is rotting away.
You thrive on raw meat.
You are immune to poison.
You have sharp fingernails.
You are carnivorous and can eat meat at any time.
Your flesh is cold resistant. (rC+)
You are immune to negative energy. (rN+++)
You do not regenerate when monsters are visible.
You are immune to unholy pain and torment.
You can survive without breathing.


Message History

You see here an arrow.
Nessos shoots an arrow.
The arrow barely misses you.
Nessos shoots an arrow.
The arrow hits you but does no damage.
Nessos shoots an arrow.
The arrow hits you! The arrow burns you.
You see here 2 arrows.
You take 23 damage, and have 69/113 hp.
MASSIVE DAMAGE!!
Nessos shoots an arrow.
The arrow hits you! The arrow burns you. The wyvern misses you.
Nessos shoots an arrow.
The arrow hits you! The arrow burns you.
You see here 2 arrows.
You take 21 damage, and have 48/113 hp.
Unknown command.
As you read the scroll of teleportation, it crumbles to dust.
You feel strangely unstable. The wyvern bites you!
Nessos shoots an arrow.
The arrow hits you!
* * * LOW HITPOINT WARNING * * *
The arrow burns you.
* * * LOW HITPOINT WARNING * * *
The wyvern misses you.
Unknown command.
You take 27 damage, and have 21/113 hp.
MASSIVE DAMAGE!!
Nessos blinks!
The wyvern closely misses you.
Nessos blinks!
Unknown command.
You feel much better.
Your surroundings suddenly seem different.
Found a scroll of recharging.
Found a stone staircase leading down.
You regained 28 hp, and now have 49/113 hp.
You start resting.
You hear a shout!
You regained 13 hp, and now have 62/113 hp.
Aim: Nessos, wearing a shiny centaur barding (lightly wounded)
You reflect Nessos with the mirror, and the mirror shatters!
Nessos gestures wildly while chanting.
Nessos seems to speed up.
Nessos wields an uncursed longbow of flaming.
It bursts into flame!
Nessos shoots an arrow.
The arrow hits you!! The arrow burns you!
* * * LOW HITPOINT WARNING * * *
Nessos gestures wildly while chanting.
Nessos seems to speed up.
Nessos blinks!
You see here an arrow.
You take 32 damage, and have 30/113 hp.
MASSIVE DAMAGE!!
Okay, then.
You feel much better.
Nessos wields an uncursed longbow of flaming.
It bursts into flame!
Nessos shoots an arrow.
The arrow closely misses Nessos.
The arrow shimmers and vanishes!
Nessos shoots an arrow.
The arrow misses you.
Nessos shoots an arrow.
The arrow closely misses Nessos.
The arrow shimmers and vanishes!
Nessos blinks!
You regained 22 hp, and now have 52/113 hp.
Okay, then.
Okay, then.
As you read the scroll of fear, it crumbles to dust.
You assume a fearsome visage.
Nessos looks frightened!
Nessos blinks! x2
Nessos blinks! x2
Nessos blinks!
Nessos blinks!
Nessos shoots an arrow.
The arrow hits Nessos but does no damage.
The arrow shimmers and vanishes!
Nessos blinks!
Nessos shoots an arrow.
The arrow hits Nessos!
The arrow burns Nessos.
Nessos looks as sick as possible!
The arrow shimmers and vanishes!
Nessos blinks! x2
Nessos unwields an uncursed longbow of flaming.
It stops flaming.
Nessos hits Nessos but does no damage.
Nessos's attack snaps Nessos out of his fear.
Nessos shimmers and vanishes!
Nessos shoots an arrow.
The arrow barely misses you.
Nessos shoots an arrow.
The arrow hits you! The arrow burns you.
* * * LOW HITPOINT WARNING * * *
You take 19 damage, and have 33/113 hp.
Unknown command.
As you read the scroll of teleportation, it crumbles to dust.
You feel strangely unstable.
Nessos blinks!
Nessos unwields an uncursed longbow of flaming.
It stops flaming.
Nessos hits you.
* * * LOW HITPOINT WARNING * * *
You take 1 damage, and have 32/113 hp.
You scratch Nessos.
Nessos blinks!
Nessos wields an uncursed longbow of flaming.
It bursts into flame!
Nessos shoots an arrow.
The arrow hits you!
* * * LOW HITPOINT WARNING * * *
The arrow burns you.
* * * LOW HITPOINT WARNING * * *
You take 17 damage, and have 15/113 hp.
You feel much better.
Nessos shoots an arrow.
You block the arrow.
Okay, then.
You regained 12 hp, and now have 27/113 hp.
Unknown command.
Nessos stands on his hind legs for a moment.
Nessos shoots an arrow.
The arrow hits you!!
* * * LOW HITPOINT WARNING * * *
The arrow burns you.
* * * LOW HITPOINT WARNING * * *
Nessos shoots an arrow.
The arrow hits you!!
You die...

.# P. #$. .### #.P### ###
..### #.... ##..#+.#.##
## ##...
#..(......####P##.#.##+#
##.........##P...........
#c.....§..?#......$......
##..§..(@....#....(..((.(
#......§........l.(.c...
#.........+.#...........
#...>......####.#P####+.#
###..+.P#.## #.### ..#
#.##..#### ## ...# ##
.#+# ..### .. #.# .#


You could see Nessos.

Vanquished Creatures
  2 dire elephants (Lair:2)
  A hydra (Lair:2)
  A death yak (D:9)
  Nergalle (Lair:4)
  Pikel (D:4)
  Joseph (Lair:1)
  2 elephants
  4 black mambas
  A rime drake (Lair:2)
  6 komodo dragons
  A polar bear (Lair:3)
  Prince Ribbit (D:7)
  5 hippogriffs
  4 blink frogs (Lair:2)
  Sigmund (D:3)
  20 yaks
  A vampire (D:10)
  2 wyverns
  A hungry ghost (D:7)
  Edmund (D:4)
  3 nagas (Lair:2)
  Duvessa (D:4)
  7 water moccasins
  6 porcupines
  3 sky beasts
  2 slaves (D:4)
  An orc warrior (D:6)
  A phantom (D:5)
  3 black bears
  8 ogres
  4 centaurs
  An eye of draining (D:8)
  3 wolves (Lair:3)
  7 crocodiles
  10 bullfrogs
  3 big kobolds
  2 gnoll sergeants (D:5)
  A scorpion (D:5)
  Dowan (D:4)
  8 killer bees (D:8)
  2 electric eels (Lair:2)
  5 bullfrog zombies
  5 crimson imps
  3 centaur zombies
  2 quasits
  8 orc priests
  2 jellies
  5 hounds
  A bullfrog skeleton (D:9)
  2 gnoll shamans (D:5)
  9 orc wizards
  Natasha (thrice) (D:2)
  3 iguanas
  7 worker ants
  A killer bee zombie (Ossuary)
  4 hound zombies
  4 hound skeletons
  15 mummies
  3 howler monkey zombies
  3 worker ant zombies (Ossuary)
  64 gnolls
  10 adders
  A river rat (Sewer)
  6 shadow imps
  2 oozes (D:1)
  3 adder zombies (Ossuary)
  2 adder skeletons
  4 worms
  3 dart slugs (D:1)
  5 leopard geckos
  42 orcs
  3 giant cockroaches (D:1)
  8 goblins
  6 hobgoblins
  29 jackals
  5 quokkas
  2 ball pythons
  9 bats
  2 giant cockroach zombies (Ossuary)
  2 hobgoblin zombies (D:8)
  A jackal zombie (Ossuary)
  18 kobolds
  3 quokka skeletons
  9 rats
458 creatures vanquished.

Vanquished Creatures (collateral kills)
  A hippogriff (Lair:2)
  A yak (Lair:2)
2 creatures vanquished.

Vanquished Creatures (others)
  A slave (D:4)
  An orc wizard (D:4)
  2 leopard geckos (D:4)
  3 orcs (D:4)
  2 fungi (Lair:2)
  A plant (Lair:2)
  6 toadstools (Lair:2)
16 creatures vanquished.

Grand Total: 476 creatures vanquished

Notes
Turn   | Place    | Note
-------+----------+-------------------------------------------
     0 | D:1      | MackTheKnife the Ghoul Wanderer began the quest for the Orb.
     0 | D:1      | MackTheKnife set off with: a +2 scale mail, a +0 mace, a +0 shortbow, 25 arrows, a meat ration {@e2}
     0 | D:1      | Reached XP level 1. HP: 22/22 MP: 0/0
   111 | D:1      | Reached skill level 1 in Unarmed Combat
   149 | D:1      | Reached XP level 2. HP: 28/28 MP: 1/1
   176 | D:1      | Reached skill level 2 in Unarmed Combat
   277 | D:1      | Reached XP level 3. HP: 33/34 MP: 2/2
   324 | D:1      | Reached skill level 3 in Unarmed Combat
   585 | D:1      | Reached XP level 4. HP: 34/41 MP: 3/3
  1005 | D:2      | Noticed Natasha
  1014 | D:2      | Killed Natasha
  1014 | D:2      | Reached skill level 4 in Unarmed Combat
  1430 | D:2      | Noticed Natasha
  1443 | D:2      | HP: 10/41 [iron imp[Natasha] (7)]
  1444 | D:2      | Killed Natasha
  1444 | D:2      | Reached skill level 5 in Unarmed Combat
  1444 | D:2      | Reached XP level 5. HP: 12/47 MP: 4/4
  1813 | D:2      | Noticed Natasha
  1823 | D:2      | Killed Natasha
  2001 | D:3      | Noticed Sigmund
  2021 | D:3      | Killed Sigmund
  2021 | D:3      | Reached skill level 6 in Unarmed Combat
  2021 | D:3      | Reached XP level 6. HP: 44/53 MP: 5/5
  2130 | D:3      | Found a glowing golden altar of the Shining One.
  2210 | D:3      | Found a shadowy altar of Dithmenos.
  2769 | D:3      | Reached skill level 7 in Unarmed Combat
  3190 | D:4      | Found a glowing drain.
  3226 | D:4      | Reached XP level 7. HP: 52/59 MP: 6/6
  3241 | Sewer    | Entered a sewer
  3333 | Sewer    | Reached skill level 8 in Unarmed Combat
  3368 | Sewer    | Found a white marble altar of Elyvilon.
  3682 | D:4      | Noticed Pikel
  3861 | D:4      | Killed Pikel
  3861 | D:4      | Reached skill level 10 in Unarmed Combat
  3861 | D:4      | Reached XP level 8. HP: 37/67 MP: 7/7
  3886 | D:4      | Found a sparkling altar of Nemelex Xobeh.
  3903 | D:4      | Found an ancient bone altar of Kikubaaqudgha.
  3931 | D:4      | Found an opulent altar of Gozag.
  3931 | D:4      | Found a glowing silver altar of Zin.
  4040 | D:4      | Noticed Duvessa
  4040 | D:4      | Noticed Dowan
  4064 | D:4      | Killed Dowan
  4073 | D:4      | Killed Duvessa
  4315 | D:4      | Reached skill level 11 in Unarmed Combat
  4655 | D:4      | Found a snail-covered altar of Cheibriados.
  4902 | D:5      | Entered Level 5 of the Dungeon
  4902 | D:5      | Noticed Edmund
  4916 | D:4      | Killed Edmund
  5046 | D:5      | Reached XP level 9. HP: 34/72 MP: 8/8
  5246 | D:5      | Found a white marble altar of Elyvilon.
  5257 | D:5      | Reached skill level 12 in Unarmed Combat
  5554 | D:5      | Found an ornate altar of the Wu Jian Council.
  6045 | D:5      | Reached skill level 5 in Fighting
  6300 | D:5      | Noticed a four-headed hydra
  6380 | D:5      | Reached skill level 6 in Fighting
  6794 | D:5      | Reached skill level 7 in Fighting
  6955 | D:6      | Found a staircase to the Ecumenical Temple.
  7088 | Temple   | Entered the Ecumenical Temple
  7113 | Temple   | Became a worshipper of Qazlal Stormbringer
  7162 | D:6      | Got a fine morningstar
  7165 | D:6      | Got a transparent morningstar
  7166 | D:6      | Identified the +10 morningstar of Bloody Death {freeze, +Inv rPois Int-3 Dex-5} (You found it on level 6 of the Dungeon)
  7167 | D:6      | Identified the +8 morningstar of Najipsir {venom, rN+ Int+4 Dex+3 SInv} (You found it on level 6 of the Dungeon)
  7218 | D:6      | Got a shimmering robe
  7246 | D:6      | Found a radiant altar of Vehumet.
  7260 | D:6      | Reached skill level 8 in Fighting
  7330 | D:6      | Identified a scroll of acquirement
  7439 | D:6      | Reached XP level 10. HP: 75/90 MP: 9/9
  7599 | D:6      | Got a thick robe
  7914 | D:6      | Reached skill level 9 in Fighting
  8101 | D:7      | Got a transparent spear
  8129 | D:7      | Reached * piety under Qazlal
  8219 | D:7      | Reached skill level 10 in Fighting
  8234 | D:7      | Got a faintly glowing rapier
  8235 | D:7      | Identified the +7 rapier of Bloodstone {flame, *Noise rElec SInv} (You found it on level 7 of the Dungeon)
  8347 | D:7      | Noticed Prince Ribbit
  8353 | D:7      | Killed Prince Ribbit
  8501 | D:8      | Found a sacrificial altar of Ru.
  8618 | D:8      | Found a sand-covered staircase.
  8627 | Ossuary  | Entered an ossuary
  8676 | Ossuary  | Reached ** piety under Qazlal
  8793 | Ossuary  | Reached skill level 11 in Fighting
  9249 | D:8      | Found a shattered altar of Ashenzari.
  9396 | D:8      | Reached *** piety under Qazlal
  9578 | D:8      | Reached skill level 13 in Unarmed Combat
  9856 | D:8      | Reached skill level 12 in Fighting
  9860 | D:8      | Reached XP level 11. HP: 91/103 MP: 10/10
  9972 | D:8      | Got a scintillating jade ring
  9973 | D:8      | Identified the ring of Fighting Over It {+Fly rPois Str+7} (You found it on level 8 of the Dungeon)
 10295 | D:9      | Noticed a death yak
 10316 | D:9      | Found a staircase to the Orcish Mines.
 10322 | D:9      | Killed a death yak
 10467 | D:9      | Found a staircase to the Lair.
 10659 | D:9      | Found a hazy altar of Hepliaklqana.
 10788 | D:9      | Found a deep blue altar of Sif Muna.
 10829 | D:9      | Reached **** piety under Qazlal
 10884 | D:9      | Found a blossoming altar of Fedhas.
 11028 | D:9      | Reached skill level 1 in Invocations
 11110 | D:10     | Entered Level 10 of the Dungeon
 11269 | D:10     | Reached skill level 2 in Invocations
 11407 | D:10     | Reached skill level 3 in Invocations
 11765 | D:9      | HP: 24/105 [troll (7)]
 11951 | Lair:1   | Entered Level 1 of the Lair of Beasts
 11964 | Lair:1   | Reached skill level 4 in Invocations
 12008 | Lair:1   | Reached skill level 5 in Invocations
 12159 | Lair:1   | Reached skill level 6 in Invocations
 12282 | Lair:1   | Reached skill level 7 in Invocations
 12391 | Lair:1   | Noticed Joseph
 12400 | Lair:1   | Killed Joseph
 12439 | Lair:1   | Reached skill level 8 in Invocations
 12450 | Lair:1   | HP: 21/105 [yak (12)]
 12676 | Lair:1   | Reached XP level 12. HP: 106/112 MP: 17/17
 12692 | Lair:1   | Reached skill level 9 in Invocations
 12715 | Lair:1   | HP: 28/112 [yak (7)]
 12949 | Lair:2   | Reached skill level 10 in Invocations
 12962 | Lair:2   | Noticed a five-headed hydra
 13007 | Lair:2   | HP: 25/113 [five-headed hydra (13)]
 13008 | Lair:2   | Killed a five-headed hydra
 13200 | Lair:2   | Found a staircase to the Swamp.
 13341 | Lair:2   | Found a staircase to the Snake Pit.
 13347 | Lair:2   | Reached skill level 11 in Invocations
 13387 | Lair:2   | HP: 25/113 [blink frog (9)]
 14029 | Lair:2   | Found a runed door.
 14312 | Lair:2   | Noticed a dire elephant
 14420 | Lair:2   | Killed a dire elephant
 14420 | Lair:2   | Reached skill level 12 in Invocations
 14430 | Lair:2   | Noticed a dire elephant
 14445 | Lair:2   | Killed a dire elephant
 14928 | Lair:3   | Reached skill level 1 in Dodging
 14938 | Lair:3   | Reached skill level 2 in Armour
 15405 | Lair:4   | Noticed Nergalle
 15416 | Lair:4   | Killed Nergalle
 15416 | Lair:4   | Reached skill level 2 in Dodging
 15535 | Lair:4   | Reached skill level 3 in Armour
 15541 | Lair:4   | Noticed Nessos
 15557 | Lair:4   | HP: 25/113 [Nessos/arrow (14)]
 15589 | Lair:4   | HP: 18/113 [Nessos/arrow (14)]
 15591 | Lair:4   | HP: 3/113 [Nessos/arrow (6)]
 15591 | Lair:4   | Shot with an arrow by Nessos

Vault maps used:
D:1:      dpeg_arrival_water_fire
D:2:      uniq_natasha
D:3:      grunt_dithmenos_smoke, marbit_many_paths, uniq_sigmund
D:4:      lemuel_crystal_altar, nicolae_overflow_quartered_altars, first_bread,
          portal_sewer_entry_a, minivault_5, grunt_ministairs_4, uniq_duvessa,
          uniq_pikel
D:5:      lemuel_castle_with_subvaults, nicolae_overflow_crystal_walls,
          kennysheep_little_box, hangedman_decor_diamond_cutter, uniq_edmund
D:6:      cheibrodos_thug_alley, temple_pool_b, vehumet_altar_wand_db
D:7:      cheibrodos_quashed, uniq_prince_ribbit1
D:8:      minmay_the_grid_octo_tiled_octocenter, ashenzari_conservatory_becter,
          hangedman_ru_absence, nicolae_ossuary_entry_giza
D:9:      led_sif_pool, overflow_temple_1_default,
          nicolae_overflow_hidden_temple, david_lair_generic, orc_0_dummy
Temple:   corrupted_temple
Lair:1:   beast_lair_carwin_2, uniq_joseph
Lair:2:   gammafunk_lair_enchanted_lake, swamp_mist_pool,
          guppyfry_snake_entry_garden, minmay_lair_oklob_chamber
Lair:4:   uniq_nessos, uniq_urug, uniq_nergalle
Sewer:    sewer_kobolds
Ossuary:  ossuary_zaba_flooded

Skill      XL: |  1  2  3  4  5  6  7  8  9 10 11 12 |
---------------+-------------------------------------+-----
Unarmed Combat | 1 2 3 5 6 7 10 11 12 13 | 13.7
Fighting       | 8 12 | 12.6
Invocations    | 8 12 | 12.8
Dodging        | 2 |  2.5
Armour         | 3 |  3.0
Bows           | |  1.0
Crossbows      | |  1.7
Stealth        | |  1.1
Evocations     | |  1.0

Action                   |  1- 3 |  4- 6 |  7- 9 | 10-12 || total
-------------------------+-------+-------+-------+-------++-------
Melee: Unarmed           |    88 |   175 |   479 |   740 ||  1482
       Punch             |       |     5 |    14 |    38 ||    57
Invok: Elemental Force   |       |       |       |     3 ||     3
       Upheaval          |       |       |       |     1 ||     1
Evoke: Phial of floods   |       |       |       |     1 ||     1
       Phantom mirror    |       |       |       |     1 ||     1
  Use: Potion            |       |     3 |     1 |     3 ||     7
       Scroll            |       |       |    11 |    29 ||    40
 Stab: Distracted        |       |       |       |     1 ||     1
  Eat: Chunk             |     8 |    24 |    25 |    27 ||    84
Armor: Scale mail        |    43 |    79 |    66 |       ||   188
       Ring mail         |       |       |   136 |   261 ||   397
Dodge: Dodged            |    44 |    93 |   253 |   292 ||   682
       Deflected         |       |       |       |     1 ||     1
Block: Other             |       |       |       |    87 ||    87

Vault maps used:
D:1:      dpeg_arrival_water_fire
D:2:      uniq_natasha
D:3:      grunt_dithmenos_smoke, marbit_many_paths, uniq_sigmund
D:4:      lemuel_crystal_altar, nicolae_overflow_quartered_altars, first_bread,
          portal_sewer_entry_a, minivault_5, grunt_ministairs_4, uniq_duvessa,
          uniq_pikel
D:5:      lemuel_castle_with_subvaults, nicolae_overflow_crystal_walls,
          kennysheep_little_box, hangedman_decor_diamond_cutter, uniq_edmund
D:6:      cheibrodos_thug_alley, temple_pool_b, vehumet_altar_wand_db
D:7:      cheibrodos_quashed, uniq_prince_ribbit1
D:8:      minmay_the_grid_octo_tiled_octocenter, ashenzari_conservatory_becter,
          hangedman_ru_absence, nicolae_ossuary_entry_giza
D:9:      led_sif_pool, overflow_temple_1_default,
          nicolae_overflow_hidden_temple, david_lair_generic, orc_0_dummy
Temple:   corrupted_temple
Lair:1:   beast_lair_carwin_2, uniq_joseph
Lair:2:   gammafunk_lair_enchanted_lake, swamp_mist_pool,
          guppyfry_snake_entry_garden, minmay_lair_oklob_chamber
Lair:4:   uniq_nessos, uniq_urug, uniq_nergalle
Sewer:    sewer_kobolds
Ossuary:  ossuary_zaba_flooded

Table legend:
 A = Turns spent in this place as a percentage of turns spent in the entire game.
 B = Non-inter-level travel turns spent in this place as a percentage of non-inter-level travel turns spent in the entire game.
 C = Inter-level travel turns spent in this place as a percentage of turns spent in this place.
 D = Turns resting spent in this place as a percentage of non-inter-level travel turns spent in this place.
 E = Turns spent auto-exploring this place as a percentage of non-inter-level travel turns spent in this place.
 F = Non-inter-level travel turns spent in this place divided by the number of levels of this place that you've seen.
                   A       B       C       D       E      F
               +-------+-------+-------+-------+-------+----------------------
         Total | 100.0 | 100.0 |   0.5 |   2.0 |   8.5 | 283.1
       Dungeon |  71.5 |  71.5 |   0.5 |   1.6 |   8.6 | 344.1
        Temple |   0.6 |   0.5 |   3.7 |   0.0 |   0.0 |  26.0
          Lair |  21.0 |  21.0 |   0.5 |   3.6 |   8.0 | 252.5
         Sewer |   2.0 |   2.0 |   0.0 |   0.0 |   7.1 |  98.0
       Ossuary |   4.9 |   4.9 |   0.0 |   1.7 |  10.5 | 237.0
               +-------+-------+-------+-------+-------+----------------------

Table legend:
 A = Kills in this place as a percentage of kills in entire the game.
 B = Kills by you in this place as a percentage of kills by you in the entire game.
 C = Kills by friends in this place as a percentage of kills by friends in the entire game.
 D = Other kills in this place as a percentage of other kills in the entire game.
 E = Experience gained in this place as a percentage of experience gained in the entire game.
 F = Experience gained in this place divided by the number of levels of this place that you have seen.
                   A       B       C       D       E      F
               +-------+-------+-------+-------+-------+----------------------
         Total | 100.0 | 100.0 | 100.0 |  -nan | 100.0 | 1875.4
       Dungeon |  73.8 |  74.1 |   0.0 |  -nan |  37.5 | 1194.7
          Lair |  17.0 |  16.7 | 100.0 |  -nan |  59.8 | 4767.5
         Sewer |   2.2 |   2.2 |   0.0 |  -nan |   0.4 | 119.0
       Ossuary |   7.0 |   7.0 |   0.0 |  -nan |   2.3 | 746.0
               +-------+-------+-------+-------+-------+----------------------
